 Dungeon Crawl Stone Soup version 0.32-a0-931-g5a2cda0630 (webtiles) character file.

Game seed: 17896431263455893611

269 Biggs the Magician (level 6, 40/40 HPs)
             Began as a Djinni Conjurer on Apr 13, 2024.
             Quit the game on level 3 of the Dungeon.
             The game lasted 00:06:22 (2871 turns).

Biggs the Magician (Djinni Conjurer)                Turns: 2871, Time: 00:06:22

Health: 40/40      AC:  4    Str:  6    XL:     6   Next: 46%
Gold:   196        EV: 10    Int: 22    God:
                   SH:  0    Dex: 17

rFire   + + +        (no weapon)
rCold   x . .        (no shield)
rNeg    . . .        g - +1 leather armour {rF+}
rPois   ∞            (no helmet)
rElec   .            (no cloak)
rCorr   .            (no gloves)
SInv    .            (boots unavailable)
Will    .....        (no amulet)
Stlth   ++           n - +6 ring of dexterity
HPRegen 0.26/turn    (no ring)

%: no passive effects
@: flying
A: sickness immunity, fire resistance 2, cold vulnerability 1, float, innate
caster, HP casting, extra vitality 1
a: no special abilities


You were on level 3 of the Dungeon.
You visited 1 branch of the dungeon, and saw 3 of its levels.

You collected 196 gold pieces.

Inventory:

Armour
 a - a +0 robe
 g - a +1 leather armour of fire resistance (worn)
Jewellery
 n - a +6 ring of dexterity (left hand)
Scrolls
 b - a scroll of identify
 e - 3 scrolls of teleportation
 f - a scroll of enchant weapon
 h - a scroll of amnesia
 i - a scroll of silence
 j - a scroll of immolation
 k - a scroll of enchant armour
 m - a scroll of noise
Potions
 c - 2 potions of heal wounds {unknown}
 d - a potion of attraction {unknown}
 l - 2 potions of berserk rage {unknown}
 o - a potion of magic {unknown}


   Skills:
 - Level 2.1 Dodging
 - Level 1.5 Stealth
 + Level 5.9 Spellcasting
 + Level 5.9 Conjurations
 + Level 5.9 Hexes
 + Level 5.9 Summonings
 + Level 5.9 Necromancy
 + Level 5.9 Translocations
 + Level 5.9 Fire Magic
 + Level 5.9 Ice Magic
 + Level 5.9 Air Magic
 + Level 5.9 Earth Magic
 + Level 5.9 Alchemy


You knew the following spells:

 Your Spells              Type           Power      Damage    Failure   Level
a - Magic Dart            Conj           100%       1d8       1%          1
b - Searing Ray           Conj           64%        2d6       1%          2
c - Fulminant Prism       Conj/Alch      16%        3d10      12%         4
d - Iskenderun's Mystic Conj/Tloc 32%            2d8        (+2d4     12%         4
e - Sting                 Conj/Alch      100%       1d9       1%          1
f - Ensorcelled Hibernat  Hex/Ice        64%        N/A       1%          2
Your spell library was empty.

Dungeon Overview and Level Annotations

Branches:
Dungeon (3/15)

Altars:
The Shining One


Innate Abilities, Weirdness & Mutations

You are immune to sickness and miasma.
You are immune to poison.
Your flesh is very heat resistant. (rF++)
You are vulnerable to cold. (rC-)
You float through the air rather than walking.
You learn spells naturally, not from books.
Your magical power is your life essence.
You have superior vitality. (+4 MHP)


Message History

A ball python comes into view.
You feel agile.
n - a +6 ring of dexterity (left hand)
A ball python is nearby!
Casting: Magic Dart (safe; 1% risk of failure)
Confirm with . or Enter, or press ? or * to list all spells.
Aiming: Magic Dart (safe; 1% risk of failure)
Press: ? - help, Shift-Dir - straight line
Casting: Magic Dart (safe; 1% risk of failure)
Confirm with . or Enter, or press ? or * to list all spells.
Aiming: Magic Dart (safe; 1% risk of failure)
Press: ? - help, Shift-Dir - straight line, f - ball python
Aim: a ball python (100% to hit)
The magic dart hits the ball python!
You kill the ball python!
Casting: Magic Dart (safe; 1% risk of failure)
Confirm with . or Enter, or press ? or * to list all spells.
You can't see any susceptible monsters within range! (Use Z to cast anyway.) Unknown command.
You see here a +0 club.
Key pressed, stopping explore.
Found a leather armour.
You see here a +0 leather armour.
Done exploring.
As you read the scroll labelled NEGOCA EHEPULI, it crumbles to dust.
It is a scroll of identify.
e - 3 scrolls of teleportation
As you read the scroll of identify, it crumbles to dust.
f - a scroll of enchant weapon
As you read the scroll of identify, it crumbles to dust.
h - a scroll of amnesia
As you read the scroll of identify, it crumbles to dust.
i - a scroll of silence
As you read the scroll of identify, it crumbles to dust.
j - a scroll of immolation
As you read the scroll of identify, it crumbles to dust.
k - a scroll of enchant armour
As you read the scroll of identify, it crumbles to dust.
m - a scroll of noise Are you sure you want to abandon this character and quit the game? (Confirm with "yes".)

##### #.#.####### #####
#.........# #.... #.#.......#
#######.### #.#.####..# #<......#
#.#.#..#..###### ###########
######.#.#..#..#@...#### #.......
.......#'#..#..#.#####.##########
####........#..#[# #..## # #
#........#..#.# #...## # #
#........#..#.# ###....####### #
#....)).....#.###.#..#......## #
#.###'#).#.##.##._..#######.'. #
#.# #.#<.#.##.###.#..#......##
####.###.##.#.##.# ###....#######


There were no monsters in sight!

Vanquished Creatures
  An ogre (D:3)
  3 gnolls (D:3)
  9 adders
  5 dart slugs
  A ribbon worm (D:2)
  An orc (D:3)
  6 bats
  5 endoplasms
  3 goblins
  4 hobgoblins
  7 jackals (D:1)
  3 quokkas
  8 ball pythons
  6 frilled lizards
  4 kobolds
  8 rats
74 creatures vanquished.

Notes
Turn   | Place    | Note
-------+----------+-------------------------------------------
     0 | D:1      | Biggs the Djinni Conjurer began the quest for the Orb.
     0 | D:1      | Biggs set off with the following spells memorised: Magic
                  | Dart, Searing Ray, Fulminant Prism, Iskenderun's Mystic
                  | Blast.
     0 | D:1      | Reached XP level 1. HP: 15/15 MP: 0/0
   174 | D:1      | Reached XP level 2. HP: 17/21 MP: 0/0
   413 | D:1      | Reached XP level 3. HP: 24/25 MP: 0/0
   413 | D:1      | Learned a level 1 spell: Sting
  1126 | D:2      | Reached XP level 4. HP: 26/31 MP: 0/0
  1585 | D:2      | Identified the +7 falchion of Xuefoos {vamp, rF- Str+7
                  | Dex+2}
  1639 | D:2      | Reached XP level 5. HP: 21/35 MP: 0/0
  1639 | D:2      | Learned a level 2 spell: Ensorcelled Hibernation
  1643 | D:2      | Reached skill level 5 in Spellcasting
  1643 | D:2      | Reached skill level 5 in Conjurations
  1643 | D:2      | Reached skill level 5 in Hexes
  1643 | D:2      | Reached skill level 5 in Summonings
  1643 | D:2      | Reached skill level 5 in Necromancy
  1643 | D:2      | Reached skill level 5 in Translocations
  1643 | D:2      | Reached skill level 5 in Fire Magic
  1643 | D:2      | Reached skill level 5 in Ice Magic
  1643 | D:2      | Reached skill level 5 in Air Magic
  1643 | D:2      | Reached skill level 5 in Earth Magic
  1643 | D:2      | Reached skill level 5 in Alchemy
  2222 | D:3      | Noticed an ogre
  2228 | D:3      | Killed an ogre
  2229 | D:3      | Reached XP level 6. HP: 31/40 MP: 0/0
  2278 | D:3      | Found a glowing golden altar of the Shining One.
  2871 | D:3      | Quit the game

Illustrated notes

Levels and vault maps discovered:
D:1:      evilmike_arrival_rings, layout_loops_ring, serial_bayou,
          serial_bayou_lagoon_a, serial_bayou_lake_a, serial_bayou_ford_a,
          chequers_garden
D:2:      minmay_thinvault, layout_loops_ring
D:3:      layout_basic, nicolae_tso_swordbearing_angel

Skill      XL: |  1  2  3  4  5 |
---------------+----------------+-----
Spellcasting   | 4 5 |  5.9
Conjurations   | 4 5 |  5.9
Hexes          | 4 5 |  5.9
Summonings     | 4 5 |  5.9
Necromancy     | 4 5 |  5.9
Translocations | 4 5 |  5.9
Fire Magic     | 4 5 |  5.9
Ice Magic      | 4 5 |  5.9
Air Magic      | 4 5 |  5.9
Earth Magic    | 4 5 |  5.9
Alchemy        | 4 5 |  5.9
Dodging        | |  2.1
Stealth        | |  1.5

Action                     |  1- 3 |  4- 6 || total
---------------------------+-------+-------++-------
  Melee: Unarmed           |     1 |       ||     1
   Cast: Magic Dart        |    68 |    72 ||   140
         Searing Ray       |     1 |    10 ||    11
         Iskenderun's Myst |       |     1 ||     1
    Use: Scroll            |       |     7 ||     7
 Armour: Robe              |    10 |       ||    10
         Leather armour    |       |    16 ||    16
  Dodge: Dodged            |     8 |     9 ||    17

Table legend: (Time is in decaauts)
 A = Elapsed time spent in this place.
 B = Non-inter-level travel time spent in this place.
 C = Inter-level travel time spent in this place.
 D = Time resting spent in this place.
 E = Time spent auto-exploring this place.
 F = Levels seen in this place.
 G = Mean time per level.
                   A        B        C        D        E       F      G
               +--------+--------+--------+--------+--------+-----+--------+
         Total |   2870 |   2829 |     41 |      0 |   2492 |   3 |  956.7 |
       Dungeon |   2870 |   2829 |     41 |      0 |   2492 |   3 |  956.7 |
               +--------+--------+--------+--------+--------+-----+--------+

Top non-repeatable levels by time:
     D:2: 1149 daAuts
     D:1: 921 daAuts
     D:3: 799 daAuts
